 Dungeon Crawl Stone Soup version 0.27-a0-223-ge082b6e869 (webtiles) character file.

Game seed: 16288495447758411492

16 iamserjio the Stinger (level 2, 0/22 HPs)
             Began as a Naga Venom Mage on Feb 1, 2021.
             Slain by an adder (1 damage)
             ... on level 2 of the Dungeon.
             The game lasted 00:00:58 (108 turns).

iamserjio the Stinger (Naga Venom Mage)              Turns: 108, Time: 00:00:58

Health: 0/22       AC:  1    Str: 10    XL:     2   Next: 54%
Magic:  2/5        EV: 10    Int: 15    God:
Gold:   20         SH:  0    Dex: 11    Spells: 4/5 levels left

rFire    . . .     SeeInvis +   c - +0 dagger
rCold    . . .     Faith    .   (no shield)
rNeg     . . .     Spirit   .   a - +0 robe
rPois    +         Reflect  .   (no helmet)
rElec    .         Harm     .   (no cloak)
rCorr    .         Rampage  .   (no gloves)
Will     .....                  (no barding)
Stlth    ++........             (no amulet)
HPRegen  0.07/turn              (no ring)
MPRegen  0.09/turn              (no ring)

@: very slightly contaminated, very slow
A: large, see invisible, deformed body, poison resistance, slowness 2, spit
poison 1, AC +0
a: Spit Poison


You were on level 2 of the Dungeon.
You visited 1 branch of the dungeon, and saw 2 of its levels.

You collected 20 gold pieces.

Inventory:

Hand Weapons
 b - a +0 club
 c - a +0 dagger (weapon)
Armour
 a - a +0 robe (worn)
Scrolls
 d - a scroll of amnesia {unknown}


   Skills:
 - Level 1.5 Dodging
 - Level 3.0 Stealth
 + Level 2.2 Spellcasting
 + Level 1.4 Transmutations
 * Level 4.6 Poison Magic


You had 4 spell levels left.
You knew the following spells:

 Your Spells              Type           Power        Failure   Level
a - Sting                 Tmut/Pois      40%          6%          1

Your spell library contained the following spells:

 Spells                   Type           Power        Failure   Level
 Poisonous Vapours        Pois/Air       16%          13%         2
 Ignite Poison            Fire/Tmut/Pois 7%           28%         3
 Olgreb's Toxic Radiance  Pois           15%          32%         4
 Mephitic Cloud           Conj/Pois/Air  6%           34%         3


Dungeon Overview and Level Annotations

Branches:
Dungeon (2/15)

Altars:


Innate Abilities, Weirdness & Mutations

You cannot wear boots.
Your serpentine skin is tough. (AC +0)
You have supernaturally acute eyesight. (SInv)
Armour fits poorly on your strangely shaped body.
Your system is resistant to poisons. (rPois)
You cover ground very slowly.
You can spit poison.


Message History

The adder bites you.
* * * LOW HITPOINT WARNING * * *
The adder barely misses you.
Casting: Sting (safe; 6% risk of failure)
Aiming: Sting (safe; 6% risk of failure)
Aim: an adder (47% to evade)
You miscast Sting.
You are very lightly contaminated with residual magic.
Nothing appears to happen.
The adder barely misses you.
Casting: Sting (safe; 6% risk of failure)
Aiming: Sting (safe; 6% risk of failure)
Aim: an adder (47% to evade)
The sting misses the adder.
The adder completely misses you. The adder bites you.
* * * LOW HITPOINT WARNING * * *
The adder bites you but does no damage. The adder misses you.
The adder bites you.
* * * LOW HITPOINT WARNING * * *
The adder bites you.
You die...

#######...<#
.###...
###..#.###.##
#............
#....#.....# ##
#......#......
#...........#
#.$..#.##...
#......##.#.###
#....#S@......#
#....#.########
#....#.#
#....### ######


You could see an adder.

Vanquished Creatures
  An adder (D:2)
  A dart slug (D:1)
  A goblin (D:1)
  A jackal (D:1)
  A frilled lizard (D:2)
  A kobold (D:1)
6 creatures vanquished.

Notes
Turn   | Place    | Note
-------+----------+-------------------------------------------
     0 | D:1      | iamserjio the Naga Venom Mage began the quest for the Orb.
     0 | D:1      | Reached XP level 1. HP: 15/15 MP: 3/3
    69 | D:2      | Reached XP level 2. HP: 15/22 MP: 1/5
   107 | D:2      | HP: 1/22 [adder (2)]
   108 | D:2      | Slain by an adder

Illustrated notes

Levels and vault maps discovered:
D:1:      sevenhm_arrival_forest_fort_small_5, layout_basic, nrook_campfire,
          minmay_tall_x
D:2:      layout_basic, elyvilon_altar_5

Action                   || total
-------------------------++-------
Melee: Club              ||     4
       Dagger            ||     3
 Cast: Sting             ||     8
 Abil: Spit Poison       ||     1
 Stab: Sleeping          ||     1
Armor: Robe              ||     2
Dodge: Dodged            ||    10

Table legend: (Time is in decaauts)
 A = Elapsed time spent in this place.
 B = Non-inter-level travel time spent in this place.
 C = Inter-level travel time spent in this place.
 D = Time resting spent in this place.
 E = Time spent auto-exploring this place.
 F = Levels seen in this place.
 G = Mean time per level.
                   A        B        C        D        E       F      G
               +--------+--------+--------+--------+--------+-----+--------+
         Total |    140 |    140 |      0 |      3 |      0 |   2 |   70.0 |
       Dungeon |    140 |    140 |      0 |      3 |      0 |   2 |   70.0 |
               +--------+--------+--------+--------+--------+-----+--------+

Top non-repeatable levels by time:
     D:1: 86 daAuts
     D:2: 53 daAuts
